 Dungeon Crawl Stone Soup version 0.17.1-3-g152610e (webtiles) character file.

280 mike2R the Digger (level 6, 32/32 HPs)
             Began as a Gargoyle Earth Elementalist on Dec 4, 2015.
             Quit the game on level 4 of the Dungeon on Apr 1, 2016.
             The game lasted 00:43:57 (4228 turns).

mike2R the Digger (Gargoyle Earth Elementalist)     Turns: 4228, Time: 00:43:57

Health: 32/32      AC:  6    Str: 12    XL:     6   Next: 27%
Magic:  10/13      EV: 12    Int: 17    God:
Gold:   244        SH:  0    Dex: 10    Spells: 4 memorised, 3 levels left

rFire  + . .     SeeInvis .     E - +0 falchion (drain)
rCold  x . .     Clarity  .     h - +0 robe
rNeg   + . .     SustAt   .     (no shield)
rPois  ∞         Gourm    .     (no helmet)
rElec  +         Spirit   .     (no cloak)
rCorr  .         Warding  .     (no gloves)
rMut   .         Stasis   .     (no boots)
MR     .....                    y - amulet of rage
Stlth  ++........               (no ring)
                                o - ring of fire

@: not resistant to hostile enchantments, unstealthy
A: negative energy resistance 1, electricity resistance, unbreathing,
petrification resistance, rot immunity, AC +4
a: Evoke Berserk Rage


You were on level 4 of the Dungeon.
You were hungry.

You visited 1 branch of the dungeon, and saw 4 of its levels.

You collected 244 gold pieces.

Inventory:

Hand Weapons
 a - a +0 dagger
 l - a cursed +0 whip
 B - a +0 falchion
 D - a +0 mace
 E - a +0 falchion of draining (weapon)
Missiles
 b - 65 stones
 t - 4 tomahawks (quivered)
 C - 20 poisoned needles
Armour
 g - a +0 buckler
 h - a +0 robe (worn)
 m - a +0 shield
Jewellery
 o - a ring of fire (left hand)
 y - an amulet of rage (around neck)
Wands
 u - a wand of confusion (19)
Scrolls
 e - a scroll of enchant armour {unknown}
 f - 5 scrolls of remove curse
 j - a scroll of magic mapping {unknown}
 n - a scroll of enchant weapon {unknown}
 p - 3 scrolls of identify
 q - 2 scrolls of blinking
 r - a scroll of immolation {unknown}
 v - a scroll of random uselessness {unknown}
Potions
 i - a potion of brilliance
 s - a potion of ambrosia {unknown}
 w - a potion of curing {unknown}
 x - a potion of degeneration {unknown}
Books
 c - a book of Geomancy

   Spells                             Type                      Level
   a - Sandblast                      Earth                        1
   b - Stoneskin                      Transmutation/Earth          2
   c - Passwall                       Transmutation/Earth          3
   d - Stone Arrow                    Conjuration/Earth            3
   e - Petrify                        Transmutation/Earth          4
   f - Lee's Rapid Deconstruction     Earth                        5
Comestibles
 d - 3 bread rations
 k - a slice of pizza
 z - 4 meat rations
 A - a fruit


   Skills:
 + Level 0.2 Fighting
 + Level 0.0 Maces & Flails
 + Level 0.7 Armour
 + Level 1.6 Dodging
 - Level 2.1 Stealth
 + Level 0.4 Shields
 * Level 4.7 Spellcasting
 + Level 0.4 Conjurations
 - Level 0.7 Transmutations
 + Level 5.3 Earth Magic
 + Level 0.0 Evocations


You had 3 spell levels left.
You knew the following spells:

 Your Spells              Type           Power        Failure   Level  Hunger
a - Sandblast             Erth           ###...       1%          1    None
b - Stoneskin             Trmt/Erth      ##......     10%         2    #......
c - Stone Arrow           Conj/Erth      ##....       14%         3    ###....
d - Lee's Rapid Deconstr  Erth           ###.......   45%         5    ######.


Dungeon Overview and Level Annotations

Branches:
Dungeon (4/15)
 Temple: D:4-7

Altars:
Gozag
Okawaru
Ru
Sif Muna


Innate Abilities, Weirdness & Mutations

You are resistant to torment.
Your stone body is resilient (AC +4).
You are immune to poison.
You resist negative energy.
You are resistant to electric shocks.
You can survive without breathing.
You are immune to petrification.
You are immune to rotting.


Message History

Aim: a jackal (almost dead)
The blast of sand misses the jackal.
The jackal misses you.
Casting: Sandblast
Confirm with . or Enter, or press ? or * to list all spells.
Aiming: Sandblast
Press: ? - help, Shift-Dir - straight line, f/p - jackal
Aim: a jackal (almost dead)
The blast of sand hits the jackal.
You kill the jackal!
d - 3 bread rations (gained 1)
You start resting.
Your magical contamination has completely faded away.
You start resting.
You are feeling hungry.
Eat which item? (? for menu, Esc to quit)
Okay, then.
Save game and exit?
Welcome back, mike2R the Gargoyle Earth Elementalist.
Press ? for a list of commands and other information.
Are you sure you want to abandon this character and quit the game? (Confirm with "yes".)

### #.# #.#
######## #.#
##......## #.#
#.....>..# #.#
#..._....# #@#
#........# #.# ##
#........####.#
#...
##...>..##.##.#
##...#
###...###.##.##...#
##....##.##....#
#.....#..##..###
##.......##..# .#
#.##..#.....######
.#


There were no monsters in sight!

Vanquished Creatures
  The ghost of Nicoed the Caller, an amateur NaSu (D:3)
  An orc priest (D:4)
  Ijyb (D:2)
  An orc wizard (D:3)
  A hound skeleton (D:3)
  2 oozes
  4 worms
  3 giant geckos (D:2)
  6 orcs
  8 bats
  4 giant cockroaches
  9 goblins
  7 hobgoblins
  A ball python (D:2)
  3 giant newts (D:1)
  6 jackals
  6 kobolds
  A quokka (D:3)
  7 rats
72 creatures vanquished.

Notes
Turn   | Place    | Note
--------------------------------------------------------------
     0 | D:1      | mike2R the Gargoyle Earth Elementalist began the quest for the Orb.
     0 | D:1      | Reached XP level 1. HP: 10/10 MP: 3/3
   233 | D:1      | Reached XP level 2. HP: 15/15 MP: 0/5
   237 | D:1      | Learned a level 2 spell: Stoneskin
   459 | D:1      | Reached skill level 4 in Earth Magic
   995 | D:1      | Reached XP level 3. HP: 19/19 MP: 2/7
  1243 | D:1      | Learned a level 3 spell: Stone Arrow
  1477 | D:2      | Noticed Ijyb
  1492 | D:2      | Killed Ijyb
  1492 | D:2      | Reached XP level 4. HP: 24/24 MP: 1/9
  1639 | D:2      | Found an opulent altar of Gozag.
  2569 | D:3      | Found a sacrificial altar of Ru.
  2569 | D:3      | Noticed Nicoed's ghost (amateur NaSu)
  2592 | D:3      | Reached XP level 5. HP: 24/28 MP: 1/10
  2643 | D:3      | Upgraded the game from 0.17.0-56-gd8de76c to 0.17.0-73-gb648821
  2655 | D:3      | Learned a level 5 spell: Lee's Rapid Deconstruction
  2660 | D:3      | Killed Nicoed's ghost
  2660 | D:3      | Reached skill level 5 in Earth Magic
  2926 | D:3      | Reached XP level 6. HP: 16/32 MP: 0/13
  3727 | D:4      | Found an iron altar of Okawaru.
  4170 | D:4      | Found a deep blue altar of Sif Muna.
  4228 | D:4      | Upgraded the game from 0.17.0-73-gb648821 to 0.17.1-3-g152610e
  4228 | D:4      | Quit the game

Action                   |  1- 3 |  4- 6 || total
-------------------------+-------+-------++-------
Melee: Unarmed           |     8 |       ||     8
       Dagger            |     4 |     6 ||    10
Throw: Tomahawk          |     4 |     4 ||     8
 Cast: Sandblast         |    55 |    88 ||   143
       Stoneskin         |     2 |     4 ||     6
       Stone Arrow       |       |     7 ||     7
       Lee's Rapid Decon |       |     3 ||     3
  Use: Scroll            |       |     4 ||     4
       Potion            |       |     1 ||     1
 Stab: Sleeping          |     1 |     2 ||     3
  Eat: Chunk             |     2 |     9 ||    11
       Fruit             |       |     1 ||     1
